[Event "Vastgota Open 2023"]
[Site "Skara stadshotell, Jarnvagsgatan 5, Skara, Sweden"]
[Date "2023.02.18"]
[Round "6.6"]
[White "Silseth, Simon"]
[Black "Rasti, Arvin"]
[Result "1/2-1/2"]
[TimeControl "15 minutes + 5 seconds per move from move one (Round 1 - 2) / 30 minutes + 10 seconds per move from move one (Round 3 - 9)"]
[WhiteTitle "FM"]
[WhiteFideId "1702440"]
[BlackFideId "1741160"]
[WhiteElo "2258"]
[BlackElo "2179"]

1. d4 Nf6 2. c4 g6 3. Nc3 Bg7 4. e4 d6 5. Nf3 Bg4 6. Be3 O-O 7. Be2 e5 8. d5 a5 9. c5 dxc5 10.
Bxc5 Re8 11. O-O Bf8 12. Bxf8 Kxf8 13. Rc1 Kg7 14. Nd2 Bxe2 15. Qxe2 c6 16. dxc6 Nxc6 17. Nf3 Nd4 18. Qd3 Qb6 19.
Nxd4 Qxd4 20. Rfd1 Rac8 21. Qb5 Qb4 22. Qe2 Qc4 23. Qxc4 Rxc4 24. f3 Rec8 25. Ne2 Rc2 26. Kf1 b5 27.
Ke1 Ne8 28. Rxc2 Rxc2 29. Rd2 Rxd2 30. Kxd2 Nd6 31. Kd3 f5 32. Nc3 Kf6 33. a4 bxa4 34. Nxa4 h5 35. Nc5 h4 1/2-1/2

[Event "Vastgota Open 2023"]
[Site "Skara stadshotell, Jarnvagsgatan 5, Skara, Sweden"]
[Date "2023.02.18"]
[Round "6.7"]
[White "Kucuksari, Kaan"]
[Black "Johansson, Ulf"]
[Result "1-0"]
[TimeControl "15 minutes + 5 seconds per move from move one (Round 1 - 2) / 30 minutes + 10 seconds per move from move one (Round 3 - 9)"]
[WhiteTitle "IM"]
[WhiteFideId "6380166"]
[BlackFideId "1701380"]
[WhiteElo "2380"]
[BlackElo "2155"]

1. d4 Nf6 2. Nf3 g6 3. c4 Bg7 4.
Nc3 d5 5. cxd5 Nxd5 6. g3 O-O 7. Bg2 c5 8. O-O cxd4 9. Nxd4 Nxc3 10. bxc3 a6 11. Rb1 Qc7 12. Qb3 Nd7 13. Be3 Rb8 14.
Rfc1 e5 15. Nc2 b5 16. Nb4 Nb6 17. Nc6 Be6 18. Qa3 Nc4 19. Qc5 Rb7 20. Nb4 Nxe3 21. Qxe3 Ra7 22. Nd5 Bxd5 23. Bxd5 Qe7 24.
c4 Rd8 25. Rd1 Rad7 26. Qb3 Qc5 27. Bxf7+ Kxf7 28. cxb5+ Kf8 29. Rxd7 Rxd7 30. bxa6 Ke7 31. Qg8 Kf6 32. Qb8 Ke7 33.
Qg8 Kf6 34. Qa8 Bf8 35. Qf3+ Ke7 36. Rb7 Qd4 37. a7 1-0

[Event "Vastgota Open 2023"]
[Site "Skara stadshotell, Jarnvagsgatan 5, Skara, Sweden"]
[Date "2023.02.18"]
[Round "6.8"]
[White "Bellon Lopez, Juan Manuel"]
[Black "Wengholm, Anders"]
[Result "0-1"]
[TimeControl "15 minutes + 5 seconds per move from move one (Round 1 - 2) / 30 minutes + 10 seconds per move from move one (Round 3 - 9)"]
[WhiteTitle "GM"]
[WhiteFideId "2200031"]
[BlackFideId "1704818"]
[WhiteElo "2318"]
[BlackElo "2104"]

1. d4 d5 2. Bf4 e6 3. e3 Bd6 4.
Bg3 c6 5. Nf3 Qc7 6. c4 Nd7 7. Nc3 Ngf6 8. Rc1 Bxg3 9. hxg3 O-O 10. cxd5 exd5 11. Bd3 Qd6 12. g4 g6 13. g5 Ng4 14.
Rh4 f5 15. Ne2 Re8 16. Qd2 Nf8 17. Kf1 Qe7 18. Nf4 h6 19. Rxg4 fxg4 20. Ne5 hxg5 21. Nfxg6 Nxg6 22. Bxg6 Rf8 23.
g3 Qf6 24. Qe2 Kg7 25. Bh5 Qh6 26. Kg2 Qxh5 27. Rh1 Qe8 28. e4 Rh8 29. Qe3 Kf6 30. exd5 Bf5 31. dxc6 bxc6 32. Rc1 Rc8 33.
Re1 Qe6 34. Kg1 Qd5 35. f3 Rcd8 36. fxg4 Qh1+ 0-1

[Event "Vastgota Open 2023"]
[Site "Skara stadshotell, Jarnvagsgatan 5, Skara, Sweden"]
[Date "2023.02.18"]
[Round "6.9"]
[White "Lind, Jan-Olov"]
[Black "Ernst, Thomas"]
[Result "1-0"]
[TimeControl "15 minutes + 5 seconds per move from move one (Round 1 - 2) / 30 minutes + 10 seconds per move from move one (Round 3 - 9)"]
[BlackTitle "GM"]
[WhiteFideId "1701193"]
[BlackFideId "1700065"]
[WhiteElo "2096"]
[BlackElo "2315"]

1. e4 e5 2. Nf3 Nc6 3. d4 exd4 4. c3 dxc3 5. Nxc3 Bb4 6. Bc4 Nge7 7. Ng5 Ne5 8. Bb3 h6 9. f4 hxg5 10.
fxe5 Bxc3+ 11. bxc3 Ng6 12. Qd5 Qe7 13. Ba3 Qe6 14. O-O Qxd5 15. exd5 Nxe5 16. d6 cxd6 17. Bxd6 f6 18. Rae1 a5 19.
Bxe5 fxe5 20. Rxe5+ Kd8 21. Rxg5 a4 22. Bc4 b6 23. Rf7 Ba6 24. Bxa6 Rxa6 25. Rgxg7 Ra7 26. a3 Rc7 27. Rf3 Rc5 28.
Rd3 {Black touched the wite pawn on c3 and therefore had to
capture it on move 28.} 1-0

[Event "Vastgota Open 2023"]
[Site "Skara stadshotell, Jarnvagsgatan 5, Skara, Sweden"]
[Date "2023.02.18"]
[Round "6.10"]
[White "Lindgren, Philip"]
[Black "Danielsson, Fredrik"]
[Result "1-0"]
[TimeControl "15 minutes + 5 seconds per move from move one (Round 1 - 2) / 30 minutes + 10 seconds per move from move one (Round 3 - 9)"]
[WhiteTitle "IM"]
[WhiteFideId "1713230"]
[BlackFideId "1729993"]
[WhiteElo "2282"]
[BlackElo "2071"]

1. d4 Nf6 2. c4 g6 3. Nc3 d5 4. cxd5 Nxd5 5. Bd2 Nb6 6. Nf3 Bg7 7. Bf4 O-O 8. e3 c5 9. dxc5 N6d7 10.
Bc4 Nxc5 11. O-O Nc6 12. Qe2 Bg4 13. h3 Bxf3 14. Qxf3 Ne5 15. Bxe5 Bxe5 16. Rfd1 Qa5 17. Nd5 Bxb2 18.
Nxe7+ Kg7 19. Rab1 Qc3 20. Qe2 Ba3 21. Nd5 Qe5 22. Qc2 b6 23. f4 Qe4 24. Qc3+ f6 25. Be2 Rad8 26. Bf3 Qa4 27.
Kh2 Ne6 28. e4 Bc5 29. e5 Nxf4 30. exf6+ Kh6 31. Qc1 g5 32. h4 Rxd5 33. Rxd5 Rxf6 34. hxg5+ Kg6 35. Rxc5 Nd3 1-0

[Event "Vastgota Open 2023"]
[Site "Skara stadshotell, Jarnvagsgatan 5, Skara, Sweden"]
[Date "2023.02.18"]
[Round "6.11"]
[White "Bjorkeroth, Johan"]
[Black "Eklund, Lars-Goran"]
[Result "0-1"]
[TimeControl "15 minutes + 5 seconds per move from move one (Round 1 - 2) / 30 minutes + 10 seconds per move from move one (Round 3 - 9)"]
[BlackTitle "FM"]
[WhiteFideId "1719106"]
[BlackFideId "1701010"]
[WhiteElo "2032"]
[BlackElo "2196"]

1. Nf3 d5 2. c4 c6 3. g3 e6 4.
Bg2 f5 5. b3 Nf6 6. Bb2 Be7 7. O-O O-O 8. Qc2 a5 9. Nc3 Qe8 10. d3 Nbd7 11. e4 dxe4 12. dxe4 f4 13. e5 Ng4 14.
Ne2 fxg3 15. Nxg3 Nc5 16. Rad1 a4 17. b4 a3 18. Bc3 Na6 19. Qd2 c5 20. b5 Nb4 21. Bxb4 cxb4 22. h3 Nh6 23.
Kh2 Nf5 24. Ne4 Qh5 25. Nd6 Nh4 26. Nxh4 Qxh4 27. f4 Rb8 28. c5 b3 29. axb3 g5 30. fxg5 Rxf1 31. Rxf1 Bxg5 32. Qf2 Qxf2 33. Rxf2 Ra8 34. Ra2 Bf4+ 35.
Kh1 Bxe5 36. Nc4 Bd4 37. c6 bxc6 38. bxc6 Bc5 39. Kh2 Kf7 40. Kg3 Rb8 41. Na5 Rb5 42. Nb7 Rxb3+ 43. Bf3 Rb2 44. Ra1 Bb4 45. c7 Bxb7 46.
Bxb7 Bd6+ 47. Kg4 Bxc7 48. Rxa3 Rxb7 0-1

[Event "Vastgota Open 2023"]
[Site "Skara stadshotell, Jarnvagsgatan 5, Skara, Sweden"]
[Date "2023.02.18"]
[Round "6.12"]
[White "Andersson, Fredrik"]
[Black "Karlsson, Roger"]
[Result "1-0"]
[TimeControl "15 minutes + 5 seconds per move from move one (Round 1 - 2) / 30 minutes + 10 seconds per move from move one (Round 3 - 9)"]
[WhiteTitle "FM"]
[WhiteFideId "1706187"]
[BlackFideId "1732293"]
[WhiteElo "2194"]
[BlackElo "1723"]

1. e4 d6 2. d4 Nf6 3. Nc3 e5 4. Nf3 Nbd7 5. Bc4 h6 6. O-O Be7 7. a4 O-O 8. Re1 c6 9. a5 Kh7 10.
h3 Qe8 11. Be3 Ng8 12. d5 a6 13. dxc6 bxc6 14. Na4 Ngf6 15. Qd3 Bb7 16. Bb3 d5 17. Nd2 Kh8 18. f3 Bb4 19. c3 Be7 20.
Nb6 Nxb6 21. Bxb6 Qb8 22. Qe2 Nd7 23. Bf2 f6 24. Bc2 Bc5 25. b4 Bxf2+ 26. Qxf2 Qa7 27. Nb3 Qxf2+ 28. Kxf2 Rac8 29. Nc5 Nxc5 30. bxc5 Rcd8 31. Rab1 Bc8 32. Rb6 d4 33.
cxd4 Rxd4 34. Rxc6 Rfd8 35. Ke3 Kh7 36. Re2 Bd7 37. Rd6 Bb5 38. Rd2 Rxd2 39. Kxd2 Rc8 40. c6 Bxc6 41. Bd3 Rc7 42.
Bxa6 f5 43. exf5 e4 44. fxe4 Bxe4 45. Bd3 Bxg2 46. f6+ Kg8 47. fxg7 Rxg7 48. Rd8+ Kf7 49. Rd7+ Kf6 50. Rxg7 Kxg7 51. Ke3 Bb7 52. Be4 Ba6 53. Kd4 Kf6 54. Kc5 Ke5 55. Kb6 Bf1 56. Bc6 Kf4 57. Bb5 Bg2 58. a6 Ba8 59. Bc6 1-0

[Event "Vastgota Open 2023"]
[Site "Skara stadshotell, Jarnvagsgatan 5, Skara, Sweden"]
[Date "2023.02.19"]
[Round "7.1"]
[White "Galperin, Platon"]
[Black "Seo, Jung Min"]
[Result "1-0"]
[TimeControl "15 minutes + 5 seconds per move from move one (Round 1 - 2) / 30 minutes + 10 seconds per move from move one (Round 3 - 9)"]
[WhiteTitle "GM"]
[BlackTitle "IM"]
[WhiteFideId "14165414"]
[BlackFideId "1734687"]
[WhiteElo "2429"]
[BlackElo "2448"]

1. Nf3 d5 2. g3 Nf6 3. Bg2 e6 4. O-O Be7 5.
d3 c5 6. e4 Nc6 7. Bf4 O-O 8.
Ne5 Nxe5 9. Bxe5 dxe4 10. dxe4 Bd7 11. a4 Bc6 12. Qe2 Qa5 13. Na3 Nd7 14. Bc3 Qc7 15. Nb5 Qb8 16. e5 Bxg2 17.
Kxg2 Nb6 18. Ba5 Nd5 19. c4 Nb4 20. Rad1 a6 21. Nd6 Nc6 22. Bb6 Nd4 23. Rxd4 cxd4 24. c5 Bxd6 25. exd6 Qc8 26. Qe4 e5 27.
b4 Qd7 28. Bc7 Ra7 29. Bb6 Raa8 30. Bc7 Ra7 31. Qxe5 Qxa4 32.
Qd5 Qc6 33. Qxc6 bxc6 34. Rd1 f6 35.
Rxd4 Rc8 36. Bb6 Rd7 37. Rd3 Kf7 38.
Ra3 Ra8 39. Kf3 Ke6 40. Ke4 Rb7 41.
Kd4 Kd7 42. Kc4 Rbb8 43. Kd4 Re8 44. f4 f5 45. Kd3 Re4 46. Ra4 h6 47. Kc3 Re3+ 48. Kd2 Re4 49. Kc3 Re2 50. Ra1 g6 51.
Kd3 Re4 52. Kc3 Re3+ 53. Kd2 Re4 54. Kc3 Re2 55. Kd3 Rxh2 56. b5 cxb5 57. Re1 Rg2 58. Re7+ Kc6 59. Rc7+ Kd5 60. d7 Rxg3+ 61. Ke2 Ke6 62.
c6 Rd8 63. Rb7 Rg8 64. Rc7 Rd8 65.
Ra7 Rg8 66. d8=Q Rxd8 67. Bxd8 Rc3 68. Rxa6 g5 69. fxg5 hxg5 70. Ba5 Rc5 71. c7+ Kd7 72. Ra8 1-0

[Event "Vastgota Open 2023"]
[Site "Skara stadshotell, Jarnvagsgatan 5, Skara, Sweden"]
[Date "2023.02.19"]
[Round "7.2"]
[White "Sivuk, Vitaly"]
[Black "Golubka, Petro"]
[Result "1-0"]
[TimeControl "15 minutes + 5 seconds per move from move one (Round 1 - 2) / 30 minutes + 10 seconds per move from move one (Round 3 - 9)"]
[WhiteTitle "GM"]
[BlackTitle "GM"]
[WhiteFideId "14116502"]
[BlackFideId "14114224"]
[WhiteElo "2502"]
[BlackElo "2407"]

1. c4 b6 2. Nc3 Bb7 3. e4 e6 4. a3 Nf6 5. Qe2 c5 6. Nf3 d6 7. d4 Nc6 8. Be3 e5 9. d5 Nd4 10. Qd1 Be7 11. Bd3 O-O 12.
O-O h6 13. Nd2 Bc8 14. b4 Bg4 15. f3 Bd7 16. Rf2 Nh5 17. g3 Nf6 18. Rb1 Rb8 19. Nf1 a6 20. Rfb2 Qc7 21. Nd2 Rfc8 22.
Ne2 Qd8 23. Kg2 Qc7 24. Nxd4 cxd4 25. Bf2 b5 26. Rc2 Qb7 27. Rbc1 bxc4 28. Rxc4 Bb5 29. Rxc8+ Rxc8 30. Nc4 Qb8 31.
Be1 Rc7 32. a4 Qc8 33. Qb3 Nd7 34. Rc2 Bxc4 35. Rxc4 a5 36. Rxc7 Qxc7 37. bxa5 Nc5 38. Qc2 Qb7 39. Bb5 Bg5 40. h4 Be3 41. Qe2 h5 42.
a6 Qb6 43. a5 Qa7 44. Bb4 g6 45. Qc2 d3 46. Bxd3 Bd4 47. Be2 Kg7 48. Qc4 Qe7 49. Bc3 Be3 50. Qb5 g5 51. hxg5 Qxg5 52.
a7 Bf4 53. Be1 Bxg3 54. Bxg3 h4 55. a8=Q Qxg3+ 56. Kf1 h3 57. Qbe8 Qg2+ 58. Ke1 Qg1+ 59. Kd2 Qd4+ 60. Kc2 1-0

[Event "Vastgota Open 2023"]
[Site "Skara stadshotell, Jarnvagsgatan 5, Skara, Sweden"]
[Date "2023.02.19"]
[Round "7.3"]
[White "Palchuk, Andrii"]
[Black "Lindgren, Philip"]
[Result "1-0"]
[TimeControl "15 minutes + 5 seconds per move from move one (Round 1 - 2) / 30 minutes + 10 seconds per move from move one (Round 3 - 9)"]
[WhiteTitle "FM"]
[BlackTitle "IM"]
[WhiteFideId "14176688"]
[BlackFideId "1713230"]
[WhiteElo "2238"]
[BlackElo "2282"]

1. d4 Nf6 2. c4 e6 3. Nf3 d5 4. g3 Be7 5. Bg2 c6 6. Nbd2 b6 7. O-O Bb7 8. b3 O-O 9. Bb2 Nbd7 10.
e3 Rc8 11. Qe2 c5 12. Rfd1 dxc4 13. Nxc4 Qc7 14. dxc5 Bxc5 15. Nfe5 Bxg2 16. Nxd7 Nxd7 17. Qg4 g6 18. Kxg2 b5 19.
Nd2 Ne5 20. Qe2 Qb7+ 21. Kg1 Bd6 22. Rac1 Rfd8 23. Rxc8 Rxc8 24. f4 Nd7 25. Qd3 Be7 26. Ne4 Rd8 1-0

[Event "Vastgota Open 2023"]
[Site "Skara stadshotell, Jarnvagsgatan 5, Skara, Sweden"]
[Date "2023.02.19"]
[Round "7.4"]
[White "Chatalbashev, Boris"]
[Black "Ronneland, Daniel"]
[Result "1-0"]
[TimeControl "15 minutes + 5 seconds per move from move one (Round 1 - 2) / 30 minutes + 10 seconds per move from move one (Round 3 - 9)"]
[WhiteTitle "GM"]
[WhiteFideId "2900440"]
[BlackFideId "1702130"]
[WhiteElo "2522"]
[BlackElo "2188"]

1. d4 Nf6 2. c4 c5 3. d5 b5 4.
cxb5 a6 5. bxa6 Bxa6 6. Nc3 d6 7. Nf3 g6 8. e4 Bxf1 9. Kxf1 Bg7 10. g3 O-O 11. Kg2 Nbd7 12. a4 Qb6 13. Qe2 Rfb8 14.
Nb5 Ne8 15. Nd2 Nc7 16. Nc4 Qb7 17. Nxc7 Qxc7 18. a5 Ra7 19. Bf4 Be5 20. Be3 Rb4 21. Rhc1 Qb8 22. Ra2 Qb5 23. Bd2 Rxb2 24. Rxb2 Bxb2 25.
Rb1 Ne5 26. Rxb2 Qxc4 27. Rb8+ Kg7 28. Qe3 Ng4 29. Qf4 f5 30. h3 Qxe4+ 31. Qxe4 fxe4 32. hxg4 Kf6 33. Bc3+ Kg5 34. Kh3 1-0

[Event "Vastgota Open 2023"]
[Site "Skara stadshotell, Jarnvagsgatan 5, Skara, Sweden"]
[Date "2023.02.19"]
[Round "7.5"]
[White "Rasti, Arvin"]
[Black "Kucuksari, Kaan"]
[Result "0-1"]
[TimeControl "15 minutes + 5 seconds per move from move one (Round 1 - 2) / 30 minutes + 10 seconds per move from move one (Round 3 - 9)"]
[BlackTitle "IM"]
[WhiteFideId "1741160"]
[BlackFideId "6380166"]
[WhiteElo "2179"]
[BlackElo "2380"]

1. e4 c5 2. c3 d5 3. exd5 Qxd5 4. d4 g6 5. Nf3 Bg7 6. Na3 cxd4 7. Bc4 Qe4+ 8. Be3 Nh6 9. cxd4 O-O 10.
O-O Bg4 11. Re1 Bxf3 12. Bxh6 Bxh6 13. Rxe4 Bxd1 14. Rxd1 Bg5 15. Re5 Bf6 16. Rb5 Nc6 17. d5 Nd8 18. Nc2 Be5 19. Ne3 a6 20.
Rb6 Bc7 21. Rb3 b5 22. Be2 Bd6 23. a4 bxa4 24. Rb6 Bc7 25. Rxa6 Nb7 26. Rc1 Be5 27. Rc2 Nd6 28. Rac6 Rfb8 29. Nd1 Ra5 30. Ra6 Rxd5 31.
Rxa4 Nf5 32. Rac4 Nd4 33. Rc8+ Kg7 34. Rxb8 Bxb8 35. Nc3 Ra5 36. Rc1 Be5 37. Bf1 Ra8 38. Re1 Bd6 39. h3 Rb8 40.
Rd1 Be5 41. Rd2 f5 42. Nd5 e6 43. f4 Bd6 44. b4 Nb3 45. Rd3 Nc1 46. Rd1 exd5 47. Rxc1 Bxf4 48. Rd1 Be3+ 49. Kh2 Rxb4 50. Rxd5 Rb1 51. Bc4 Bf4+ 52.
g3 Rb2+ 53. Kg1 Bxg3 54. Rd7+ Kh6 55. Bg8 f4 56. Rxh7+ Kg5 57. Bd5 Rd2 58. Bf3 Rf2 59. Bd5 Rd2 60. Bf3 Bf2+ 61. Kf1 Be3 62.
Be4 f3 63. Bxf3 Rf2+ 64. Ke1 Rxf3 65. Ke2 Rg3 66. h4+ Kg4 0-1

[Event "Vastgota Open 2023"]
[Site "Skara stadshotell, Jarnvagsgatan 5, Skara, Sweden"]
[Date "2023.02.19"]
[Round "7.6"]
[White "Kockum, Anton Frisk"]
[Black "Andersson, Fredrik"]
[Result "1/2-1/2"]
[TimeControl "15 minutes + 5 seconds per move from move one (Round 1 - 2) / 30 minutes + 10 seconds per move from move one (Round 3 - 9)"]
[WhiteTitle "FM"]
[BlackTitle "FM"]
[WhiteFideId "1709143"]
[BlackFideId "1706187"]
[WhiteElo "2367"]
[BlackElo "2194"]

1. d4 d5 2. c4 e6 3. Nf3 Nf6 4.
Nc3 Bb4 5. Bd2 O-O 6. e3 b6 7. cxd5 exd5 8. Ne5 Bb7 9. Bd3 Nbd7 10. f4 Bxc3 11. bxc3 Ne4 12. O-O Qe7 13. Be1 f6 14.
Nxd7 Qxd7 15. a4 Rfe8 16. a5 Bc6 17. Qb3 Kh8 18. Rf3 Re7 19. Rh3 f5 20. c4 Rae8 21. axb6 axb6 22. Bb4 dxc4 23.
Bxc4 Nd6 24. Bd5 h6 25. Bxd6 Qxd6 26. Bxc6 Qxc6 1/2-1/2

[Event "Vastgota Open 2023"]
[Site "Skara stadshotell, Jarnvagsgatan 5, Skara, Sweden"]
[Date "2023.02.19"]
[Round "7.7"]
[White "Wengholm, Anders"]
[Black "Silseth, Simon"]
[Result "1/2-1/2"]
[TimeControl "15 minutes + 5 seconds per move from move one (Round 1 - 2) / 30 minutes + 10 seconds per move from move one (Round 3 - 9)"]
[BlackTitle "FM"]
[WhiteFideId "1704818"]
[BlackFideId "1702440"]
[WhiteElo "2104"]
[BlackElo "2258"]

1. Nf3 Nf6 2. c4 e6 3. g3 b6 4. Bg2 Bb7 5. O-O Be7 6. Nc3 O-O 7. d4 Ne4 8. Bd2 d6 9. d5 Nxc3 10.
Bxc3 e5 11. Nd2 Nd7 12. f4 exf4 13. gxf4 Bf6 14. Rc1 a5 15. e4 Re8 16. Qh5 Bc8 17. e5 dxe5 18. d6 Ra7 19. Bd5 g6 20.
Qf3 Rf8 21. Ne4 Bg7 22. f5 cxd6 23. fxg6 Nc5 24. gxf7+ Kh8 25. Qh5 Nxe4 26. Bxe4 h6 27. Bd2 Qd7 28. Bxh6 Qg4+ 29. Qxg4 Bxg4 30.
Be3 Rfxf7 31. Rxf7 Rxf7 32. Bxb6 a4 33. Rf1 Re7 34. Be3 Be6 35. Rc1 Re8 36. Bc6 Rb8 37. Bxa4 Rxb2 38. Bb3 e4 39. Rd1 Be5 40. Rd2 Rb1+ 41. Kg2 Bg4 42. Bd4 Bf3+ 43.
Kf2 Bxd4+ 44. Rxd4 Rb2+ 45. Ke3 Rxh2 46. Rxd6 Kg7 47. c5 Rh1 48. Bd5 Re1+ 49. Kf4 Kf8 50. c6 Rc1 51. Bxe4 Bxe4 52. Kxe4 Ke7 53. Rh6 Kd8 54. Kd5 Kc7 55. Rh7+ Kc8 56.
a4 Ra1 57. Kd6 Rd1+ 58. Kc5 Ra1 59. a5 Rc1+ 60. Kb6 Rb1+ 61. Ka6 Rc1 62. Kb6 Rb1+ 63. Ka6 1/2-1/2

[Event "Vastgota Open 2023"]
[Site "Skara stadshotell, Jarnvagsgatan 5, Skara, Sweden"]
[Date "2023.02.19"]
[Round "7.8"]
[White "Eklund, Lars-Goran"]
[Black "Lind, Jan-Olov"]
[Result "1/2-1/2"]
[TimeControl "15 minutes + 5 seconds per move from move one (Round 1 - 2) / 30 minutes + 10 seconds per move from move one (Round 3 - 9)"]
[WhiteTitle "FM"]
[WhiteFideId "1701010"]
[BlackFideId "1701193"]
[WhiteElo "2196"]
[BlackElo "2096"]

1. Nf3 c5 2. c4 Nc6 3. d4 cxd4 4. Nxd4 g6 5. e4 Bg7 6. Be3 Nf6 7. Nc3 O-O 8. Be2 d6 9. O-O Bd7 10.
Qd2 Nxd4 11. Bxd4 Bc6 12. f3 a5 13. Rab1 Nd7 14. Be3 Nc5 15. Rfd1 Be5 16. b3 e6 17. Bd4 Qh4 18. Bxe5 dxe5 19.
Qe3 Qe7 20. a3 Na6 21. Nb5 Rfd8 22. Kf1 Rxd1+ 23. Rxd1 Rd8 24. Qc3 Rxd1+ 25. Bxd1 Qd8 26. Be2 f6 27. Qe3 b6 28. Ke1 Bxb5 29.
cxb5 Nc5 30. Bc4 Qd6 31. Qd2 Qxd2+ 32. Kxd2 Kf7 1/2-1/2

[Event "Vastgota Open 2023"]
[Site "Skara stadshotell, Jarnvagsgatan 5, Skara, Sweden"]
[Date "2023.02.19"]
[Round "7.9"]
[White "Bjorklund, Thomas"]
[Black "Miezis, Normunds"]
[Result "0-1"]
[TimeControl "15 minutes + 5 seconds per move from move one (Round 1 - 2) / 30 minutes + 10 seconds per move from move one (Round 3 - 9)"]
[BlackTitle "GM"]
[WhiteFideId "1724576"]
[BlackFideId "11600136"]
[WhiteElo "2108"]
[BlackElo "2502"]

1. e4 c5 2. Nf3 e6 3. c3 d5 4. exd5 exd5 5. d4 Nc6 6. Be2 Bd6 7. dxc5 Bxc5 8. O-O Nf6 9. Bg5 Be6 10.
Nbd2 h6 11. Bh4 O-O 12. Nb3 Bb6 13. Nbd4 Bg4 14. Re1 Re8 15. Qa4 Re4 16. Nxc6 bxc6 17. Qxc6 Bxf3 18. Bxf6 Qe8 19. Qxe8+ Raxe8 20. gxf3 Rxe2 21. Rxe2 Rxe2 22. Bh4 g5 23. Bg3 f5 0-1

[Event "Vastgota Open 2023"]
[Site "Skara stadshotell, Jarnvagsgatan 5, Skara, Sweden"]
[Date "2023.02.19"]
[Round "7.10"]
[White "Trost, Martin"]
[Black "Cramling, Pia"]
[Result "0-1"]
[TimeControl "15 minutes + 5 seconds per move from move one (Round 1 - 2) / 30 minutes + 10 seconds per move from move one (Round 3 - 9)"]
[BlackTitle "GM"]
[WhiteFideId "1710737"]
[BlackFideId "1700030"]
[WhiteElo "1867"]
[BlackElo "2429"]

1. Nf3 d5 2. e3 g6 3. c4 c6 4. Nc3 Bg7 5. b3 dxc4 6. Bxc4 b5 7. Bxf7+ Kxf7 8. Ng5+ Ke8 9. Qf3 Nh6 10.
d4 b4 11. Nce4 Qd5 12. Bd2 a5 13. Rc1 Na6 14. O-O Bf5 15. Rxc6 Bxe4 16. Nxe4 Qxc6 17. Nf6+ Qxf6 18. Qxa8+ Kf7 19.
Qd5+ Qe6 20. Qf3+ Qf5 21. Qc6 Nb8 22. Qc4+ Qe6 23. d5 Qa6 24. Qf4+ Qf6 25. Qc4 Nf5 26. e4 Nd6 27. Qe2 Rc8 28.
Kh1 Qd4 0-1

[Event "Vastgota Open 2023"]
[Site "Skara stadshotell, Jarnvagsgatan 5, Skara, Sweden"]
[Date "2023.02.19"]
[Round "7.11"]
[White "Poley, Vladimir"]
[Black "Ask, Josef"]
[Result "1/2-1/2"]
[TimeControl "15 minutes + 5 seconds per move from move one (Round 1 - 2) / 30 minutes + 10 seconds per move from move one (Round 3 - 9)"]
[WhiteTitle "IM"]
[BlackTitle "FM"]
[WhiteFideId "13500090"]
[BlackFideId "1704583"]
[WhiteElo "2270"]
[BlackElo "2102"]

1. d4 Nf6 2. Nc3 e6 3. g3 d5 4. Bg2 c5 5. e3 Nc6 6. Nge2 Be7 7. O-O O-O 8. a3 a6 9. e4 dxe4 10.
dxc5 Bxc5 11. Qxd8 Rxd8 12. Nxe4 Nxe4 13. Bxe4 Bd7 14. b4 Ba7 15. Bb2 Be8 16. Rfd1 Rac8 17. c4 Bb8 18. c5 f6 19.
Kf1 Bh5 20. Bc2 Kf7 21. Rxd8 Rxd8 22. Rd1 Rxd1+ 23. Bxd1 Bf3 24. Bb3 Ke7 25. Bc3 e5 26. Ke1 Bc7 27. Bc4 Bg4 28. Bd2 Be6 29.
Bd3 h6 30. Nc3 f5 31. f3 Nd4 32. Kf2 Bb3 33. Be3 Be6 34. a4 Nc6 35. b5 axb5 36. axb5 Nb4 37. Bb1 Ba5 38. Bd2 Kf6 39.
g4 fxg4 40. Ne4+ Ke7 41. Nd6 Bd5 42. fxg4 Nd3+ 43. Bxd3 Bxd2 44. Be4 Bxe4 45. Nxe4 Bb4 46. c6 bxc6 47. bxc6 Kd8 48. Ng3 Kc7 49. Kf3 Kxc6 50. Ke4 Kd7 51.
Nf5 Bf8 52. Kxe5 g6 53. Ne3 Bg7+ 54. Kd5 Ke7 55. Ng2 Bb2 56. h4 Kf6 57. Ke4 Be5 58. Ne3 Bg3 59. Nd5+ Ke6 60. h5 gxh5 61. gxh5 Be5 62. Ne3 Bg7 63.
Nf5 Bf8 64. Kf4 Kf6 65. Kg4 Ke6 66.
Ne3 Ke5 67. Nc4+ Kf6 68. Kf4 Bc5 1/2-1/2

[Event "Vastgota Open 2023"]
[Site "Skara stadshotell, Jarnvagsgatan 5, Skara, Sweden"]
[Date "2023.02.19"]
[Round "7.12"]
[White "Trost, Edvin"]
[Black "Cederqvist, Niclas"]
[Result "1-0"]
[TimeControl "15 minutes + 5 seconds per move from move one (Round 1 - 2) / 30 minutes + 10 seconds per move from move one (Round 3 - 9)"]
[WhiteTitle "FM"]
[WhiteFideId "1729519"]
[BlackFideId "1702076"]
[WhiteElo "2226"]
[BlackElo "1938"]

1. Nf3 d5 2. g3 Nf6 3. Bg2 c6 4. O-O e6 5. d4 Be7 6. c4 O-O 7. Nc3 Nbd7 8. Qd3 b6 9. e4 dxe4 10.
Nxe4 Bb7 11. Bf4 Nxe4 12. Qxe4 Nf6 13. Qe2 c5 14. Rad1 cxd4 15. Nxd4 Qc8 16. b3 Rd8 17. Nf5 Bc5 18.
Rxd8+ Qxd8 1-0

[Event "Vastgota Open 2023"]
[Site "Skara stadshotell, Jarnvagsgatan 5, Skara, Sweden"]
[Date "2023.02.19"]
[Round "8.2"]
[White "Seo, Jung Min"]
[Black "Palchuk, Andrii"]
[Result "1-0"]
[TimeControl "15 minutes + 5 seconds per move from move one (Round 1 - 2) / 30 minutes + 10 seconds per move from move one (Round 3 - 9)"]
[WhiteTitle "IM"]
[BlackTitle "FM"]
[WhiteFideId "1734687"]
[BlackFideId "14176688"]
[WhiteElo "2448"]
[BlackElo "2238"]

1. e4 c6 2. d4 d5 3. e5 c5 4. Nf3 cxd4 5. Qxd4 Nc6 6. Qf4 e6 7. Bd3 Qc7 8. O-O Nge7 9. Re1 Ng6 10.
Qg3 Bd7 11. a3 Rc8 12. Nc3 a6 13. h4 d4 14. Nb1 Nge7 15. Nbd2 Nf5 16. Bxf5 exf5 17. Nc4 Be6 18. Nd6+ Bxd6 19. exd6 Qa5 20. Qxg7 Kd7 21. Rxe6 Kxe6 22. Ng5+ Kd5 23. Qxf7+ 1-0

[Event "Vastgota Open 2023"]
[Site "Skara stadshotell, Jarnvagsgatan 5, Skara, Sweden"]
[Date "2023.02.19"]
[Round "8.3"]
[White "Kucuksari, Kaan"]
[Black "Chatalbashev, Boris"]
[Result "0-1"]
[TimeControl "15 minutes + 5 seconds per move from move one (Round 1 - 2) / 30 minutes + 10 seconds per move from move one (Round 3 - 9)"]
[WhiteTitle "IM"]
[BlackTitle "GM"]
[WhiteFideId "6380166"]
[BlackFideId "2900440"]
[WhiteElo "2380"]
[BlackElo "2522"]

1. d4 Nf6 2. Nf3 g6 3. c4 Bg7 4.
g3 c5 5.
d5 b5 6.
cxb5 a6 7. bxa6 O-O 8. Nc3 d6 9. Bg2 Nbd7 10. O-O Nb6 11. Nd2 Bxa6 12. Qc2 Bb7 13. e4 Ba6 14. Re1 Ng4 15. Nf3 Nc4 16.
Bf1 Qa5 17. Bxc4 Bxc4 18. h3 Ne5 19. Nxe5 Bxe5 20. Bd2 Qa6 21. Bg5 Rfb8 22. Red1 Qb7 23. b3 Ba6 24. Rab1 Qd7 25. Kg2 Bc8 26.
Rh1 f5 27. Rbe1 Rb4 28. Re2 Ba6 29. Re3 Bd4 30. Ree1 Bb7 31. exf5 Qxf5 32. Qxf5 gxf5 33. Na4 Bxd5+ 34. f3 Raxa4 0-1